 Dungeon Crawl Stone Soup version 0.30-a0-469-g84de5afbc5 (webtiles) character file.

Game seed: 16789472674873497089

119440 CrazyBamboolord the Stormcaller (level 16, -17/77 HPs)
             Began as a Tengu Air Elementalist on Dec 14, 2022.
             Was a High Priest of Vehumet.
             Killed from afar by a salamander tyrant (29 damage)
             ... with a flame surge
             ... on level 3 of the Snake Pit on Dec 19, 2022.
             The game lasted 01:56:45 (37556 turns).

CrazyBamboolord the Stormcaller (TeAE)             Turns: 37556, Time: 01:56:46

Health: -17/77     AC: 14    Str: 13    XL:     16   Next: 79%
Magic:  23/36      EV: 22    Int: 26    God:    Vehumet [*****.]
Gold:   73         SH:  0    Dex: 12    Spells: 6/46 levels left

rFire   . . .      SeeInvis .    s - +7 whip (elec)
rCold   + + .      Faith    +    (no shield)
rNeg    . . .      Spirit   .    Z - +3 leather armour {rPois}
rPois   +          Reflect  .    w - +2 hat
rElec   .          Harm     .    a - +2 cloak
rCorr   .          Rampage  .    c - +2 pair of gloves {Str+3}
Will    +....                    (boots unavailable)
Stlth   ++++......               e - amulet "Ruapn" {Faith rC++ Regen+ Int+3 Dex-2}
HPRegen 1.12/turn                v - ring of wizardry
MPRegen 0.25/turn                i - +4 ring of evasion

@: weakened, flying quickly and evasively, quick
A: beak, talons 3, nimble flight
a: Renounce Religion


You were on level 3 of the Snake Pit.
You worshipped Vehumet.
Vehumet was extremely pleased with you.
You visited 6 branches of the dungeon, and saw 27 of its levels.
You visited 1 bazaar.

You collected 2630 gold pieces.
You spent 2557 gold pieces at shops.

Inventory:

Hand Weapons
 s - a +7 whip of electrocution (weapon)
Missiles
 f - 5 throwing nets
Armour
 a - a +2 cloak (worn)
 c - a +2 pair of gloves of strength (worn)
 l - the +2 leather armour of Kimos {rElec rF+ Str+2}
   (You found it on level 1 of the Shoals)

   Str:       It affects your strength (+2).
   rF:        It protects you from fire.
   rElec:     It insulates you from electricity.
 w - a +2 hat (worn)
 P - +0 steam dragon scales
 Z - a +3 leather armour of poison resistance (worn)
Jewellery
 e - an amulet "Ruapn" (around neck) {Faith rC++ Regen+ Int+3 Dex-2}
   (You bought it in a shop on level 2 of the Orcish Mines)

   [amulet of faith]

   It allows you to gain divine favour quickly.
   Int:       It affects your intelligence (+3).
   Dex:       It affects your dexterity (-2).
   rC:        It greatly protects you from cold.
   Regen:     It increases your rate of health regeneration.
 i - a +4 ring of evasion (right hand)
 n - a ring of protection from cold
 v - a ring of wizardry (left hand)
 W - a ring of willpower
Wands
 h - a wand of flame (97)
 A - a wand of iceblast (20)
 E - a wand of paralysis (21)
 H - a wand of mindburst (18)
 J - a wand of digging (16)
 S - a wand of quicksilver (2)
 V - a wand of polymorph (7)
Scrolls
 b - 4 scrolls of amnesia
 d - 5 scrolls of poison
 k - 4 scrolls of silence
 o - 4 scrolls of immolation
 p - a scroll of blinking
 x - 5 scrolls of enchant armour
 y - 7 scrolls of teleportation
 z - a scroll of brand weapon
 B - a scroll of enchant weapon
 F - 3 scrolls of magic mapping
 K - 3 scrolls of identify
 N - 3 scrolls of fear
 T - a scroll of summoning
Potions
 g - a potion of berserk rage {unknown}
 j - a potion of magic
 m - 2 potions of lignification
 q - 6 potions of attraction
 r - a potion of brilliance {unknown}
 t - 3 potions of haste
 C - 11 potions of curing
 I - 2 potions of ambrosia
 L - 2 potions of might
 Q - a potion of cancellation
 R - 3 potions of mutation
 U - 2 potions of invisibility
Miscellaneous
 u - a box of beasts


   Skills:
 * Level 0.8 Fighting
 * Level 10.6 Dodging
 * Level 11.0 Stealth
 * Level 15.9 Spellcasting
 * Level 15.8 Conjurations
 * Level 1.0 Transmutations
 - Level 4.2 Ice Magic
 * Level 20.3 Air Magic


You had 6 spell levels left.
You knew the following spells:

 Your Spells              Type           Power      Damage    Failure   Level
a - Irradiate             Conj/Tmut      29%        3d21      1%          5
b - Orb of Destruction    Conj           40%        9d11      1%          7
c - Airstrike             Air            45%        2d(7-23)  0%          4
d - Swiftness             Air            90%        N/A       0%          3
e - Freezing Cloud        Conj/Ice/Air   37%        6-21      1%          5
g - Lightning Bolt        Conj/Air       43%        1d62      1%          5
h - Conjure Ball Lightni  Conj/Air       43%        3x3d15    1%          6
i - Arcjolt               Conj/Air       43%        1d53      1%          5

Your spell library contained the following spells:

 Spells                   Type           Power      Damage    Failure   Level
 Shock                    Conj/Air       100%       1d9       0%          1
 Static Discharge         Conj/Air       100%       2-7/arc   0%          2
 Apportation              Tloc           40%        N/A       1%          1
 Necrotise                Necr           80%        1d8       1%          1
 Summon Small Mammal      Summ           80%        N/A       1%          1
 Blink                    Tloc           40%        N/A       1%          2
 Ensorcelled Hibernation  Hex/Ice        62%        N/A       1%          2
 Passwall                 Tmut/Erth      19%        N/A       1%          2
 Scorch                   Fire           40%        2d7       1%          2
 Hailstorm                Conj/Ice       64%        3d14      1%          3
 Ignite Poison            Fire/Tmut/Pois 22%        N/A       1%          3
 Inner Flame              Hex/Fire       20%        N/A       1%          3
 Kindle Blastsparks       Fire/Tloc/Air  100%       2d18      1%          3
 Vhi's Electric Charge    Tloc/Air       100%       N/A       1%          3
 Flame Wave               Conj/Fire      58%        2d14      1%          4
 Sticky Flame             Conj/Fire      58%        2d7       1%          4
 Spider Form              Tmut/Pois      23%        N/A       3%          3
 Gell's Gravitas          Tloc           20%        N/A       4%          3
 Lesser Beckoning         Tloc           40%        N/A       4%          3
 Teleport Other           Tloc           20%        N/A       4%          3
 Yara's Violent Unravell  Hex/Tmut       11%        3d6       8%          5
 Anguish                  Hex/Necr       10%        N/A       13%         4
 Manifold Assault         Tloc           20%        N/A       13%         4
 Alistair's Intoxication  Tmut/Pois      15%        N/A       26%         5
 Summon Forest            Summ/Tloc      10%        N/A       32%         5
 Summon Mana Viper        Hex/Summ       20%        N/A       32%         5
 Eringya's Noxious Bog    Tmut/Pois      11%        N/A       34%         6
 Summon Cactus Giant      Summ           10%        N/A       86%         6
 Spellforged Servitor     Conj/Summ      29%        N/A       12%         7
 Storm Form               Tmut/Air       33%        N/A       13%         7
 Enfeeble                 Hex            10%        N/A       100%        7
 Haunt                    Necr/Summ      10%        N/A       100%        7
 Summon Hydra             Summ           10%        N/A       100%        7
 Death's Door             Necr           10%        N/A       100%        9


Dungeon Overview and Level Annotations

Branches:
Dungeon (14/15)            Temple (1/1) D:4            Lair (5/5) D:11
 Shoals (2/4) Lair:3        Snake (3/4) Lair:3        Slime (0/5) Lair:5
    Orc (2/2) D:12            Elf (0/3) Orc:2        Vaults (0/5) D:14

Altars:
Ashenzari
Cheibriados
Hepliaklqana
Makhleb
Nemelex Xobeh
Okawaru
Ru
Sif Muna
Trog
Uskayaw
Vehumet
Xom
Yredelemnul
Zin
The Shining One
Jiyva

Shops:
D:6 !   D:9 *   D:11 :   D:13 :   Orc:2 (([*=   Shoals:1 ?   Snake:3 ?==:

Portals:
Abyss: D:4

Annotations:
D:12 2 transporters, exclusion: ice statue, Inuiwk's ghost, journeyman SpHu
Shoals:2 Roxanne
Orc:1 1 runed translucent door


Innate Abilities, Weirdness & Mutations

You have a beak for a mouth.
You have claws for feet.
Your magical nature lets you fly swiftly and evasively.


Message History

You can't see that place. [Stash: a book of Callings (...1)] [the floor.]
Okay, then.
A salamander tyrant is nearby!
Casting: Orb of Destruction (dangerous; 1% risk of failure)
Confirm with . or Enter, or press ? or * to list all spells.
Aiming: Lightning Bolt (safe; 1% risk of failure)
Press: ? - help, Shift-Dir - straight line, f - salamander tyrant
Aim: a salamander tyrant (wandering, hasn't noticed you, 81% to hit)
The bolt of lightning hits the salamander tyrant!
The salamander tyrant is lightly wounded.
Unknown command.
Casting: Lightning Bolt (safe; 1% risk of failure)
Confirm with . or Enter, or press ? or * to list all spells.
Aiming: Lightning Bolt (safe; 1% risk of failure)
Press: ? - help, Shift-Dir - straight line, f/p - salamander tyrant
Aim: a salamander tyrant (lightly wounded, 81% to hit)
The bolt of lightning misses the salamander tyrant.
Unknown command.
The salamander tyrant gazes fiercely through you!
You feel your attacks grow feeble.
You see here 4 stones.
Things that are here:
a +0 robe; a +0 halberd The salamander tyrant rends the earth beneath you!
The blast of magma engulfs you!!
There is a stone staircase leading up, spattered with blood here.
Casting: Lightning Bolt (safe; 1% risk of failure)
Confirm with . or Enter, or press ? or * to list all spells.
Aiming: Orb of Destruction (dangerous; 1% risk of failure)
Press: ? - help, Shift-Dir - straight line, f/p - salamander tyrant
Aim: a salamander tyrant The salamander tyrant calls gouts of flame from the lava!
The flame surge hits you!!!
Ouch! That really hurt!
* * * LOW HITPOINT WARNING * * *
The salamander tyrant calls gouts of flame from the lava!
The flame surge hits you!!
You die...

#.........#..!..#.
##...N###.#.###.#.
#.........#..(..#.
#....[.#..(..#....
#..[.[.#.###.#$###
#).*...#[....# .
#######.○....)..#.....#.
........°...###.# ###.#.
#######@≈.......#
##.)...#... #.....#.###
#.#...#. #.#.....
#.#..###. #.#..$ #.# ..#


You could see a salamander tyrant (ally target).

Vanquished Creatures
  Nikola (Shoals:1)
  Jorgrun (Lair:3)
  Rupert (D:14)
  A stone giant (Orc:2)
  Azrael (D:14)
  A dire elephant (Lair:5)
  Snorg (D:10)
  4 ettins
  Josephine (D:14)
  A merfolk javelineer (Shoals:1)
  An entropy weaver (shapeshifter) (D:13)
  5 hydras
  Fannar (D:12)
  A merfolk impaler (Shoals:1)
  A merfolk avatar (Shoals:1)
  2 salamander tyrants (Snake:2)
  4 catoblepae
  4 anacondas
  A centaur warrior (D:13)
  2 boulder beetles
  A deep troll shaman (Lair:5)
  A satyr (Shoals:2)
  7 two-headed ogres
  12 death yaks (Lair:5)
  3 naga warriors (Snake:2)
  3 shock serpents
  A tengu warrior (D:13)
  2 orc high priests
  7 naga sharpshooters
  2 salamander mystics (Snake:3)
  2 sea snakes
  3 naga ritualists (Snake:2)
  A necromancer (D:14)
  A wizard (D:14)
  An orc knight (Orc:1)
  3 mana vipers
  4 ugly things (D:14)
  7 deep elf pyromancers
  3 salamanders
  10 cyclopes
  An orc sorcerer (Orc:2)
  A merfolk siren (Shoals:1)
  5 manticores
  21 black mambas
  2 water nymphs (Shoals:1)
  19 elephants
  A torpor snail (Lair:3)
  6 cane toads
  8 naga magi
  A guardian serpent (Snake:2)
  2 gargoyles
  9 komodo dragons
  Maggie (D:9)
  A kobold demonologist (D:12)
  Psyche (D:12)
  7 rime drakes
  An ancient zyme (D:4)
  A tengu conjurer (D:13)
  4 merfolk
  6 polar bears
  6 trolls
  2 wind drakes (Shoals:1)
  2 dream sheep (Lair:3)
  8 slime creatures
  4 blink frogs (Lair:4)
  The ghost of Thargor the Digger, an amateur GrEE of Vehumet (D:4)
  4 snapping turtles
  4 shadows
  2 vampires
  4 wraiths (D:14)
  A yak (shapeshifter) (D:13)
  2 water elementals
  12 wyverns
  7 basilisks
  Eustachio (D:6)
  4 steam dragons
  5 fire elementals (D:14)
  12 vampire mosquitoes
  19 yaks
  4 wargs
  20 nagas
  6 hell hounds
  12 water moccasins
  19 orc warriors
  7 ice beasts
  4 ogres
  5 black bears
  22 wolves
  15 centaurs
  3 kobold brigands
  8 bullfrogs
  A necrophage (D:5)
  4 scorpions
  A gnoll sergeant (D:13)
  4 wights (D:9)
  5 killer bees (D:10)
  A howler monkey (D:4)
  4 electric eels (Lair:2)
  A gnoll bouda (D:6)
  13 orc priests
  3 jellies
  3 hounds
  2 iguanas
  An iron imp (D:4)
  19 orc wizards
  7 hell rats
  A mummy (D:8)
  11 gnolls
  7 adders
  A shadow imp (D:4)
  A white imp (D:3)
  4 ufetubi
  5 dart slugs
  74 orcs
  7 ball pythons
  7 endoplasms
  5 giant cockroaches
  6 goblins
  9 hobgoblins
  7 jackals (D:2)
  5 quokkas
  3 bats
  2 frilled lizards (D:1)
  18 kobolds
  10 rats
  A bush (Lair:5)
685 creatures vanquished.

Vanquished Creatures (collateral kills)
  6 ball lightnings
6 creatures vanquished.

Vanquished Creatures (others)
  15 ball lightnings
  49 fungi
  54 plants
118 creatures vanquished.

Grand Total: 809 creatures vanquished

Notes
Turn   | Place    | Note
-------+----------+-------------------------------------------
     0 | D:1      | CrazyBamboolord the Tengu Air Elementalist began the quest
                  | for the Orb.
     0 | D:1      | Reached XP level 1. HP: 10/10 MP: 4/4
   215 | D:1      | Reached XP level 2. HP: 15/15 MP: 3/6
   785 | D:2      | Learned a level 2 spell: Static Discharge
  1066 | D:2      | Reached XP level 3. HP: 19/19 MP: 1/7
  1150 | D:2      | Found a faded altar of an unknown god.
  1498 | D:2      | Reached skill level 5 in Air Magic
  1537 | D:2      | Reached XP level 4. HP: 24/24 MP: 6/8
  2232 | D:2      | Learned a level 4 spell: Airstrike
  3256 | D:3      | Gained mutation: Your magical nature lets you fly swiftly
                  | and evasively. [Tengu growth]
  3256 | D:3      | Reached XP level 5. HP: 28/28 MP: 4/10
  3697 | D:4      | Found a transporter.
  3763 | D:4      | Upgraded the game from 0.30-a0-458-g86641cc369 to
                  | 0.30-a0-469-g84de5afbc5
  3787 | D:4      | Noticed an ancient zyme
  3971 | D:4      | Learned a level 3 spell: Swiftness
  3989 | D:4      | Noticed a black bear
  3995 | D:4      | Killed a black bear
  3996 | D:4      | Reached skill level 6 in Air Magic
  3996 | D:4      | Reached XP level 6. HP: 32/32 MP: 5/12
  4183 | D:4      | Found a staircase to the Ecumenical Temple.
  4235 | D:4      | Reached XP level 7. HP: 36/36 MP: 6/14
  4333 | D:4      | Found a one-way gate to the infinite horrors of the Abyss.
  4344 | D:4      | Found a transporter.
  4345 | D:4      | Noticed Thargor's ghost (amateur GrEE)
  4423 | Temple   | Entered the Ecumenical Temple
  4468 | Temple   | Became a worshipper of Vehumet
  4521 | D:5      | Entered Level 5 of the Dungeon
  4618 | D:5      | Found a sparkling altar of Nemelex Xobeh.
  4729 | D:5      | Reached skill level 5 in Conjurations
  5006 | D:5      | Reached skill level 7 in Air Magic
  5542 | D:6      | Noticed Eustachio
  5552 | D:6      | Killed Eustachio
  5553 | D:6      | Reached skill level 5 in Spellcasting
  5553 | D:6      | Reached XP level 8. HP: 36/41 MP: 10/16
  5721 | D:6      | Reached * piety under Vehumet
  5721 | D:6      | Offered knowledge of Foxfire by Vehumet.
  5734 | D:6      | Learned a level 5 spell: Freezing Cloud
  6032 | D:6      | Reached skill level 8 in Air Magic
  6129 | D:6      | Found Kuebasio's Distillery.
  6137 | D:6      | Bought a potion of heal wounds for 60 gold pieces
  6137 | D:6      | Bought a potion of heal wounds for 60 gold pieces
  6137 | D:6      | Bought a potion of heal wounds for 60 gold pieces
  6659 | D:7      | Reached XP level 9. HP: 41/45 MP: 10/18
  6713 | D:7      | Identified the +4 hand axe "Houkhlor" {freeze, Dex+2}
  6722 | D:7      | Found a glowing golden altar of the Shining One.
  7574 | D:8      | Reached skill level 9 in Air Magic
  7612 | D:8      | Found a snail-covered altar of Cheibriados.
  8316 | D:9      | Noticed Maggie
  8329 | D:9      | Killed Maggie
  8429 | D:6      | Bought a potion of curing for 36 gold pieces
  8429 | D:6      | Bought a potion of curing for 36 gold pieces
  8429 | D:6      | Bought a potion of magic for 96 gold pieces
  8429 | D:6      | Bought a potion of might for 48 gold pieces
  8576 | D:9      | Reached skill level 5 in Dodging
  8893 | D:9      | Found Lecloato's Assorted Antiques.
  8896 | D:9      | Noticed a two-headed ogre
  8922 | D:9      | Killed a two-headed ogre
  8923 | D:9      | Reached skill level 5 in Stealth
  8923 | D:9      | Reached skill level 10 in Air Magic
  8923 | D:9      | Reached XP level 10. HP: 47/50 MP: 14/22
  9362 | D:9      | Found a shimmering altar of Xom.
  9777 | D:10     | Entered Level 10 of the Dungeon
 10055 | D:10     | Reached skill level 11 in Air Magic
 10078 | D:10     | Offered knowledge of Scorch by Vehumet.
 10110 | D:10     | Reached ** piety under Vehumet
 10760 | D:10     | Noticed Snorg
 10766 | D:10     | Killed Snorg
 10921 | D:10     | Noticed a two-headed ogre
 10932 | D:10     | Killed a two-headed ogre
 10933 | D:10     | Reached skill level 12 in Air Magic
 10933 | D:10     | Reached XP level 11. HP: 54/54 MP: 8/25
 11140 | D:11     | Noticed a deep elf pyromancer
 11143 | D:11     | Killed a deep elf pyromancer
 11177 | D:11     | Noticed a manticore
 11184 | D:11     | Killed a manticore
 11457 | D:11     | Found Zitan's Self-Improvement Boutique.
 11460 | D:11     | Reached skill level 1 in Ice Magic
 11628 | D:6      | Bought a potion of haste for 120 gold pieces
 12245 | D:11     | Reached skill level 13 in Air Magic
 12371 | D:11     | Found a staircase to the Lair.
 12470 | D:11     | Noticed a two-headed ogre
 12500 | D:11     | Killed a two-headed ogre
 12699 | D:11     | Noticed a cyclops
 12704 | D:11     | Killed a cyclops
 12706 | D:11     | Reached skill level 10 in Spellcasting
 12738 | D:11     | Offered knowledge of Searing Ray by Vehumet.
 13083 | Lair:1   | Entered Level 1 of the Lair of Beasts
 13440 | D:11     | Reached skill level 10 in Conjurations
 13608 | D:11     | Reached skill level 14 in Air Magic
 13608 | D:11     | Reached XP level 12. HP: 59/59 MP: 4/27
 14168 | Lair:1   | Reached *** piety under Vehumet
 15104 | Lair:2   | Noticed a six-headed hydra
 15334 | Lair:1   | Killed a six-headed hydra
 15606 | Lair:2   | Reached skill level 15 in Air Magic
 16346 | Lair:3   | Noticed a catoblepas
 16352 | Lair:3   | Killed a catoblepas
 16494 | Lair:3   | Offered knowledge of Hailstorm by Vehumet.
 16939 | Lair:3   | Found a staircase to the Snake Pit.
 17289 | Lair:3   | Reached XP level 13. HP: 49/63 MP: 4/29
 17293 | Lair:3   | Reached **** piety under Vehumet
 17530 | Lair:3   | Found a staircase to the Shoals.
 17707 | Lair:3   | Reached skill level 16 in Air Magic
 18169 | Lair:4   | Learned a level 3 spell: Hailstorm
 18308 | Lair:4   | Offered knowledge of Lightning Bolt by Vehumet.
 18323 | Lair:4   | Learned a level 5 spell: Lightning Bolt
 18856 | Lair:5   | Entered Level 5 of the Lair of Beasts
 18856 | Lair:5   | Found a viscous altar of Jiyva.
 18856 | Lair:5   | Found a staircase to the Slime Pits.
 19389 | Lair:5   | Reached ***** piety under Vehumet
 19389 | Lair:5   | Offered knowledge of Conjure Ball Lightning by Vehumet.
 19399 | Lair:5   | Learned a level 6 spell: Conjure Ball Lightning
 19656 | Lair:5   | Reached skill level 17 in Air Magic
 20319 | Lair:5   | Reached XP level 14. HP: 41/68 MP: 11/32
 20588 | Lair:5   | Noticed a dire elephant
 20703 | Lair:5   | Killed a dire elephant
 20979 | Lair:5   | Got Ferruc Ihi's Encyclopedia of Dynamic Incandescence
 20986 | Lair:5   | Learned a level 5 spell: Arcjolt
 20995 | Lair:5   | Learned a level 5 spell: Irradiate
 21408 | D:12     | Found a staircase to the Orcish Mines.
 21844 | D:12     | Noticed Psyche
 21845 | D:12     | Killed Psyche
 22277 | D:12     | Noticed Fannar
 22288 | D:12     | Killed Fannar
 22292 | D:12     | You are sucked into a shaft and drop 2 floors!
 22591 | D:14     | Found a gate to the Vaults.
 22857 | D:14     | Noticed Josephine
 22868 | D:14     | Killed Josephine
 22872 | D:14     | Reached skill level 18 in Air Magic
 23083 | D:14     | Offered knowledge of Iron Shot by Vehumet.
 23730 | D:14     | Noticed Rupert
 23738 | D:14     | Paralysed by Rupert for 5 turns
 23770 | D:14     | Killed Rupert
 23891 | D:14     | Noticed Azrael
 23902 | D:14     | Killed Azrael
 23906 | D:14     | Reached XP level 15. HP: 58/72 MP: 22/34
 24997 | D:13     | Found Laget's Book Shop.
 25796 | Orc:1    | Entered Level 1 of the Orcish Mines
 26537 | Orc:1    | Reached skill level 10 in Stealth
 27180 | Orc:1    | Found a runed translucent door.
 27183 | Orc:1    | Noticed a balrug
 27550 | D:4      | Killed Thargor's ghost
 27815 | Orc:2    | Entered Level 2 of the Orcish Mines
 27815 | Orc:2    | Found a staircase to the Elven Halls.
 27918 | Orc:2    | Offered knowledge of Ozocubu's Refrigeration by Vehumet.
 28075 | Orc:1    | Reached skill level 19 in Air Magic
 28312 | D:12     | Found a transporter.
 28359 | D:12     | Noticed Inuiwk's ghost (journeyman SpHu)
 28557 | D:12     | Found a transporter.
 29064 | Snake:1  | Entered Level 1 of the Snake Pit
 29066 | Snake:1  | Noticed Jorgrun
 29233 | Lair:3   | Killed Jorgrun
 30115 | Orc:2    | Reached skill level 15 in Spellcasting
 30296 | Orc:2    | Reached skill level 10 in Dodging
 30447 | Orc:2    | Found Uxtunte's Antique Weapon Boutique.
 30575 | Orc:2    | Found Risoju's Weapon Shoppe.
 30595 | Orc:2    | Found Tooryn's Jewellery Emporium.
 30731 | Orc:2    | Bought an amulet "Ruapn" {Faith rC++ Regen+ Int+3 Dex-2}
                  | for 1065 gold pieces
 30844 | Orc:2    | Found Aqaguqet's General Store.
 30858 | Orc:2    | Found Larchov's Antique Armour Shop.
 30866 | Orc:2    | Bought a pair of embroidered gloves for 232 gold pieces
 31238 | D:9      | Bought a scroll of blinking for 172 gold pieces
 31238 | D:9      | Bought a potion of magic for 184 gold pieces
 31388 | Shoals:1 | Entered Level 1 of the Shoals
 31393 | Shoals:1 | Noticed Nikola
 31409 | Shoals:1 | Killed Nikola
 31410 | Shoals:1 | Reached XP level 16. HP: 72/76 MP: 11/36
 31991 | Shoals:1 | Identified the +2 leather armour of Kimos {rElec rF+ Str+2}
 32541 | Shoals:1 | Found Foumyigi's Magic Scroll Emporium.
 32550 | Shoals:1 | Bought a scroll of enchant armour for 97 gold pieces
 32550 | Shoals:1 | Bought a scroll of enchant armour for 97 gold pieces
 32785 | Shoals:2 | Noticed Roxanne
 32996 | Shoals:2 | Identified the +5 sling of a Billion People {vorpal, Fly
                  | rF+ MP+9}
 33007 | Shoals:2 | Found a flickering gateway to a bazaar.
 33013 | Bazaar   | Entered a bazaar
 33021 | Bazaar   | Found Fonlu's Book Shop.
 33022 | Bazaar   | Found Zemn's Antique Armour Shop.
 33191 | Shoals:1 | Reached skill level 15 in Conjurations
 34105 | Snake:2  | Got the Directory of Necromancy and Wanderlust
 34697 | Snake:2  | Offered knowledge of Orb of Destruction by Vehumet.
 35018 | Snake:2  | Reached skill level 20 in Air Magic
 36023 | Snake:3  | Identified the +4 war axe "Zeghyi" {vorpal, Str+2}
 36040 | Snake:3  | Learned a level 7 spell: Orb of Destruction
 36274 | Snake:3  | Found Efautewn's Magic Scroll Shoppe.
 36282 | Snake:3  | Bought a scroll of enchant armour for 97 gold pieces
 36282 | Snake:3  | Bought a scroll of blinking for 97 gold pieces
 36315 | Snake:3  | Found Doykhloe's Book Boutique.
 36315 | Snake:3  | Found Nyotot's Jewellery Emporium.
 36317 | Snake:3  | Found Reoqiutz's Jewellery Emporium.
 37298 | Snake:3  | Reached skill level 1 in Transmutations
 37556 | Snake:3  | Killed from afar by a salamander tyrant

Illustrated notes

Levels and vault maps discovered:
D:1:      dpeg_arrival_arbitrary_a, layout_rooms
D:2:      layout_loops_corners, hellmonk_ecumenical_altar_slurped_away
D:3:      layout_loops_ring, kennysheep_cluttered_room, minmay_misc_feat_room,
          hex_large, hangedman_decor_growths
D:4:      layout_rooms, minmay_temple_entry_poolview,
          gammafunk_ghost_abyssal_escape, minmay_checkerbox
D:5:      layout_basic, nemelex_altar_shiori, serial_bayou_pond_c,
          minmay_starry_boxes
D:6:      layout_basic, serial_shops, nicolae_shop_window_shopping,
          uniq_eustachio
D:7:      layout_loops_ring, nicolae_overflow_crystal_walls, serial_park_tiny_1,
          kennysheep_cross_room
D:8:      hellmonk_destroyed_diamonds, layout_loops_cross, slow_altar_2
D:9:      layout_loops_ring, brannock_xom_greatest_gift, serial_shops,
          nicolae_shop_advertising_works [nicolae_subvault_shop_adworks],
          grunt_decor_fettered, uniq_maggie
D:10:     cheibrodos_steamvent, layout_irregular_city, uniq_snorg
D:11:     layout_basic, hellmonk_lair_entry_icy, corexii_checkpoint_b,
          nicolae_shop_self_help
D:12:     layout_roguey, hiddenorc2_lemuel, nzn_ghost_randoct, uniq_fannar,
          uniq_psyche
D:13:     layout_roguey, serial_shops, nicolae_diamond_shop
D:14:     layout_cave_pods, david_vaults_1, special_room
          [special_room_mythical_zoo], uniq_rupert, uniq_josephine, uniq_azrael
Temple:   regret_index_temple_chain_breaker
Lair:1:   layout_loops_ring
Lair:2:   layout_big_grid, serial_bayou_shore_a, grunt_megastairs_4,
          serial_bayou_shore_b, infiniplex_staircase_pool_2
Lair:3:   layout_gridlike, minmay_shoals_entry_centaurs,
          guppyfry_snake_entry_garden, columned_hall_lemuel, lemuel_fruit_tree
Lair:4:   layout_big_grid, serial_bayou_shore_b
Lair:5:   grunt_lair_end_beastmaster, layout_layer_cave, slime_entry_1,
          serial_bayou_shore_b
Shoals:1: layout_shoals, serial_shops, nicolae_lakefront_shop, uniq_nikola
Shoals:2: layout_shoals, serial_shops, bzr_entry_safe,
          nicolae_shoals_siren_and_animal_friends, uniq_roxanne
Snake:1:  layout_misc_corridors, uniq_jorgrun
Snake:2:  layout_chambers, grunt_ministairs_14, nicolae_snake_omega
Snake:3:  hangedman_cross_stitches, layout_gridlike, serial_shops, shop,
          minmay_shop_grove
Orc:1:    dreamdust_dug_too_deep, layout_caves, basic_altar, bh_open_orc_temple
Orc:2:    grunt_orc_gardens, layout_caves, grunt_orc_garden, grunt_orc_garden,
          grunt_orc_garden, grunt_orc_garden, serial_shops,
          nicolae_shop_bloodbath_and_beyond, mines2_lemuel

Skill      XL: |  1  2  3  4  5  6  7  8  9 10 11 12 13 14 15 16 |
---------------+-------------------------------------------------+-----
Conjurations   | 2 3 4 5 6 8 9 10 11 13 14 15 | 15.8
Air Magic      | 5 6 7 8 10 12 14 15 17 18 19 20 | 20.3
Spellcasting   | 3 4 5 7 9 10 11 13 14 15 | 15.9
Dodging        | 3 4 5 6 7 8 9 10 | 10.6
Stealth        | 3 4 5 6 7 8 9 10 11 | 11.0
Ice Magic      | 1 2 3 4 |  4.2
Transmutations | 1 |  1.0
Fighting       | |  0.8

Action                   |  1- 3 |  4- 6 |  7- 9 | 10-12 | 13-15 | 16-18 || total
-------------------------+-------+-------+-------+-------+-------+-------++-------
Melee: Unarmed           |     2 |    21 |       |       |       |       ||    23
       Kick              |     1 |     7 |       |    16 |    25 |     6 ||    55
       Peck              |     1 |     6 |     1 |    11 |    18 |     3 ||    40
       Whip              |       |     3 |     2 |    34 |    61 |    24 ||   124
 Cast: Shock             |    67 |   120 |   189 |    45 |       |       ||   421
       Static Discharge  |     1 |     2 |       |    55 |       |       ||    58
       Airstrike         |       |       |    11 |   174 |    54 |     1 ||   240
       Freezing Cloud    |       |       |     2 |    24 |   184 |    31 ||   241
       Swiftness         |       |       |     1 |       |     3 |       ||     4
       Lightning Bolt    |       |       |       |       |   182 |   117 ||   299
       Hailstorm         |       |       |       |       |     5 |       ||     5
       Conjure Ball Ligh |       |       |       |       |     8 |       ||     8
       Arcjolt           |       |       |       |       |    61 |    10 ||    71
       Irradiate         |       |       |       |       |     3 |     1 ||     4
       Orb of Destructio |       |       |       |       |       |    35 ||    35
Evoke: Box of beasts     |       |       |     1 |     1 |       |       ||     2
       Wand              |       |       |       |     4 |     3 |       ||     7
  Use: Scroll            |       |     2 |    16 |     7 |    14 |    11 ||    50
       Potion            |       |       |     5 |     2 |     9 |     4 ||    20
 Stab: Sleeping          |       |       |       |       |       |     1 ||     1
Armor: Robe              |     1 |     9 |    11 |     5 |       |       ||    26
       Steam dragon scal |       |       |       |    64 |    49 |       ||   113
       Leather armour    |       |       |       |       |    10 |    32 ||    42
Dodge: Dodged            |    12 |    62 |    52 |   217 |   202 |   125 ||   670

Table legend: (Time is in decaauts)
 A = Elapsed time spent in this place.
 B = Non-inter-level travel time spent in this place.
 C = Inter-level travel time spent in this place.
 D = Time resting spent in this place.
 E = Time spent auto-exploring this place.
 F = Levels seen in this place.
 G = Mean time per level.
                   A        B        C        D        E       F      G
               +--------+--------+--------+--------+--------+-----+--------+
         Total |  35962 |  33246 |   2716 |   7109 |  21502 |  28 | 1284.4 |
       Dungeon |  18850 |  17027 |   1823 |   2626 |  12012 |  14 | 1346.4 |
        Temple |     55 |     40 |     15 |      0 |     28 |   1 |   55.0 |
          Lair |   8637 |   8112 |    525 |   1993 |   5059 |   5 | 1727.4 |
        Shoals |   1372 |   1280 |     92 |    308 |    742 |   2 |  686.0 |
     Snake Pit |   4148 |   3992 |    156 |   1584 |   1860 |   3 | 1382.7 |
  Orcish Mines |   2857 |   2754 |    103 |    596 |   1798 |   2 | 1428.5 |
        Bazaar |     40 |     40 |      0 |      0 |      0 |   1 |   40.0 |
               +--------+--------+--------+--------+--------+-----+--------+

Top non-repeatable levels by time:
 Snake:2: 2858 daAuts
  Lair:3: 2811 daAuts
  Lair:5: 2288 daAuts
    D:14: 2130 daAuts
    D:11: 2049 daAuts
  Lair:1: 1892 daAuts
    D:12: 1798 daAuts
     D:2: 1726 daAuts
   Orc:1: 1709 daAuts
     D:9: 1483 daAuts
    D:13: 1413 daAuts
    D:10: 1371 daAuts
Shoals:1: 1279 daAuts
     D:6: 1168 daAuts
     D:3: 1166 daAuts
